Predators vs Canadiens
(R1)
Created - January 7, 2019 at 19:50
Goals
|
Predators |
0 |
1 |
0 |
1 |
Canadiens |
2 |
2 |
2 |
6 |
|
Shots
|
Predators |
13 |
9 |
6 |
28 |
Canadiens |
11 |
13 |
7 |
31 |
|
1st period
1. Canadiens , Vitaly Vishnevsky 1 (Evgeny Dadonov 15, Frans Nielsen 28) at 10:24
2. Canadiens , Greg Stewart 16 (Sidney Crosby 28, Steve Downie 6) at 16:13 (PP)
Penalties :
Alexander Edler (Nas) for Interference (Minor) at 1:26, Brendan Gallagher (Nas) for Hooking (Minor) at 5:40, Brendan Gallagher (Nas) for Tripping (Minor) at 16:10
2nd period
3. Canadiens , Greg Stewart 17 (Adam Pardy 6, Sidney Crosby 29) at 3:49
4. Canadiens , Enver Lisin 4 (Dustin Boyd 10, Steve Downie 7) at 6:02
5. Predators , Ryan Mcdonagh 2 (Mikael Granlund 23, Alexander Edler 21) at 10:18
Penalties :
Niclas Bergfors (Nas) for High sticking (Minor) at 3:50, Ryan Mcdonagh (Nas) for Cross-checking (Minor) at 3:53, Dmitri Kalinin (Nas) for Interference (Minor) at 8:09, Sidney Crosby (Mon) for Unsportsmanlike conduct (Minor) at 8:18, Niclas Bergfors (Nas) for Goalie Interference (Minor) at 13:48
3rd period
6. Canadiens , Dustin Boyd 10 (Enver Lisin 9, Vitaly Vishnevsky 12) at 2:14
7. Canadiens , Greg Stewart 18 (Sidney Crosby 30, Shaone Morrisonn 12) at 6:33
Penalties :
Vitaly Vishnevsky (Mon) for Fighting (Major) at 3:34, Alexander Ovechkin (Nas) for Fighting (Major) at 3:34, Alexander Edler (Nas) for Holding (Minor) at 7:56, Dmitri Kalinin (Nas) for Roughing (Minor) at 9:28, Dmitri Kalinin (Nas) for Cross-checking (Minor) at 12:14
Goalie Stats
Viktor Fasth (Nas), 15 saves from 19 shots - (0.789), L, 17-11-2, 26:02 minutes
Chad Johnson (Nas), 10 saves from 12 shots - (0.833), 33:58 minutes
Allen York (Mon), 27 saves from 28 shots - (0.964), W, 3-0-1, 60:00 minutes
Players Stats for Predators
Player Name G A P +/- PIM S H SB GA TA FO MP PP MP PK MP
------------------------------------------------------------------------------------
Adam Burish 0 0 0 0 0 1 0 1 1 1 0/0 10:17 0:00 4:01
Alexander Edler 0 1 1 1 4 3 2 0 1 1 0/0 28:01 0:09 6:03
Alexander Ovechkin 0 0 0 -2 5 4 1 1 0 0 0/1 15:39 0:02 1:47
Alexander Steen 0 0 0 1 0 1 1 0 0 0 1/1 12:07 0:07 0:00
Andy Miele 0 0 0 -1 0 3 1 0 0 0 5/15 15:55 0:00 5:59
Brendan Gallagher 0 0 0 1 4 1 3 0 0 1 1/2 12:13 0:07 0:00
Byron Bitz 0 0 0 -1 0 0 0 1 3 0 1/3 16:50 0:00 6:48
Dmitri Kalinin 0 0 0 -3 6 1 0 1 0 0 0/0 13:11 0:02 1:45
James Van Riemsdyk 0 0 0 -1 0 0 0 0 0 0 0/0 8:53 0:00 0:00
John Moore 0 0 0 -2 0 3 1 3 0 3 0/0 21:37 0:00 7:15
Justin Abdelkader 0 0 0 -2 0 3 0 0 0 0 0/2 9:18 0:00 2:55
Michal Rozsival 0 0 0 -4 0 1 0 0 0 2 0/0 15:59 0:00 4:37
Mikael Granlund 0 1 1 -2 0 1 2 0 1 0 11/22 16:30 0:09 0:00
Niclas Bergfors 0 0 0 -4 4 1 1 0 1 1 0/2 17:23 0:00 0:03
Ryan Kesler 0 0 0 0 0 1 1 1 0 0 9/15 17:17 0:00 3:38
Ryan Mcdonagh 1 0 1 0 2 2 3 1 0 1 0/0 28:26 0:09 6:47
Ryan Murray 0 0 0 -1 0 2 0 0 0 0 0/0 14:22 0:00 0:54
Scott Laughton 0 0 0 0 0 0 1 0 0 0 0/1 8:10 0:00 0:00
Players Stats for Canadiens
Player Name G A P +/- PIM S H SB GA TA FO MP PP MP PK MP
------------------------------------------------------------------------------------
Adam Pardy 0 1 1 3 0 0 0 3 0 0 0/0 10:50 0:00 0:00
Alexander Frolov 0 0 0 -1 0 1 1 0 0 0 0/0 18:28 5:31 0:09
Brett Maclean 0 0 0 3 0 0 0 0 0 0 0/0 9:54 0:00 0:00
Brock Nelson 0 0 0 0 0 1 0 1 1 0 0/0 6:57 0:44 0:00
David Jones 0 0 0 0 0 1 1 0 1 0 1/1 7:11 0:59 0:00
Dustin Boyd 1 1 2 3 0 3 2 2 0 0 1/3 11:25 0:44 0:00
Enver Lisin 1 1 2 3 0 4 0 1 0 0 0/0 9:54 0:00 0:00
Evgeny Dadonov 0 1 1 0 0 1 2 0 1 0 1/1 18:00 5:31 0:00
Frans Nielsen 0 1 1 -1 0 2 2 0 1 0 11/19 19:15 5:31 0:09
Greg Stewart 3 0 3 2 0 5 2 1 2 0 2/4 24:41 7:26 0:00
Luke Schenn 0 0 0 -1 0 3 1 1 2 1 0/0 26:56 8:04 0:09
Marcel Goc 0 0 0 0 0 1 1 0 0 0 1/2 6:11 0:00 0:00
Mark Stuart 0 0 0 2 0 0 2 0 0 0 0/0 22:33 5:37 0:00
Raphael Diaz 0 0 0 -1 0 1 1 1 0 0 0/0 27:08 8:04 0:09
Shaone Morrisonn 0 1 1 3 0 0 0 1 0 0 0/0 10:50 0:00 0:00
Sidney Crosby 0 3 3 1 2 6 2 0 2 0 18/33 23:09 7:25 0:00
Steve Downie 0 2 2 2 0 0 3 0 0 1 1/1 22:55 7:11 0:00
Vitaly Vishnevsky 1 1 2 2 5 2 1 1 0 5 0/0 21:42 5:37 0:00
3 Stars
1 - Greg Stewart (Mon)
2 - Dustin Boyd (Mon)
3 - Enver Lisin (Mon)
Power Play
Predators - 0 on 1 Attempt(s) - 0.00%
Canadiens - 1 on 10 Attempt(s) - 10.00%
Penalty Kill
Predators - 9 on 10 Attempt(s) - 90.00%
- Score 0 goal in Penalty Kill
Canadiens - 1 on 1 Attempt(s) - 100.00%
- Score 0 goal in Penalty Kill
Team Stat
Predators - Hits : 17 - Faceoff Wins : 28 - Blocked Shots : 9 - Penalty Minutes : 25
Canadiens - Hits : 21 - Faceoff Wins : 36 - Blocked Shots : 12 - Penalty Minutes : 7
Official
Referees : Unknown
Linesman : Unknown
Game Notes
3:49 of 2nd period - Canadiens goal is going for a video replay. After video review, Goal.
Chad Johnson enters game at 6:02 of 2nd period
Alexander Ovechkin beats up Vitaly Vishnevsky at 3:34 of 3rd period
Greg Stewart has scored a Hat Trick!
Finance
Level 1 -- Attendance: 5669 (94.48%) -- Ticket Income $498,872
Level 2 -- Attendance: 5000 (100.00%) -- Ticket Income $275,000
Level 3 -- Attendance: 1896 (94.80%) -- Ticket Income $64,464
Level 4 -- Attendance: 4000 (100.00%) -- Ticket Income $104,000
Luxury Box -- Attendance: 995 (99.50%) -- Ticket Income $147,260
Game was played at the Centre Bell.
Total Attendance: 17560 (97.56%)
Total Ticket Income: $1,089,596
Other Income: $163,439
Total Income: $1,253,035
Predators
5 vs 5 Forward
Center Left Wing Right Wing Time % Phy DF OF
1 Mikael Granlund Alexander Ovechkin Niclas Bergfors 40 1 2 2
2 Ryan Kesler Alexander Steen Brendan Gallagher 30 2 1 2
3 Andy Miele James Van Riemsdyk Byron Bitz 20 1 2 2
4 Scott Laughton Justin Abdelkader Adam Burish 10 1 2 2
5 vs 5 Defense
Defense Defense Time % Phy DF OF
1 Ryan Mcdonagh Alexander Edler 40 1 2 2
2 John Moore Ryan Murray 30 1 2 2
3 Michal Rozsival Dmitri Kalinin 20 1 2 2
4 Ryan Mcdonagh Alexander Edler 10 1 2 2
PowerPlay Forward
Center Left Wing Right Wing Time % Phy DF OF
1 Ryan Kesler Alexander Ovechkin Niclas Bergfors 60 1 1 3
2 Mikael Granlund Alexander Steen Brendan Gallagher 40 1 1 3
PowerPlay Defense
Defense Defense Time % Phy DF OF
1 Ryan Mcdonagh Alexander Edler 60 1 1 3
2 Ryan Murray John Moore 40 1 2 2
Penalty Kill 4 Players Forward
Center Wing Time % Phy DF OF
1 Andy Miele Byron Bitz 60 1 2 2
2 Ryan Kesler Adam Burish 40 1 2 2
Penalty Kill 4 Players Defense
Defense Defense Time % Phy DF OF
1 Ryan Mcdonagh Alexander Edler 60 1 2 2
2 John Moore Michal Rozsival 40 1 2 2
Penalty Kill - 3 Players Forward
Forward Time % Phy DF OF
1 Byron Bitz 60 1 2 2
2 Adam Burish 40 1 2 2
Penalty Kill - 3 Players Defense
Defense Defense Time % Phy DF OF
1 Ryan Mcdonagh Alexander Edler 60 1 2 2
2 John Moore Michal Rozsival 40 1 2 2
4 vs 4 Forward
Center Wing Time % Phy DF OF
1 Ryan Kesler Niclas Bergfors 60 1 2 2
2 Mikael Granlund Alexander Ovechkin 40 1 2 2
4 vs 4 Defense
Defense Defense Time % Phy DF OF
1 Ryan Mcdonagh Alexander Edler 60 1 2 2
2 John Moore Michal Rozsival 40 1 2 2
Last Minutes Offensive
Center Left Wing Right Wing Defense Defense
Ryan Kesler Alexander Ovechkin Niclas Bergfors Ryan Mcdonagh Alexander Edler
Last Minutes Defensive
Center Left Wing Right Wing Defense Defense
Ryan Kesler Alexander Ovechkin Byron Bitz Ryan Mcdonagh Alexander Edler
Goaltenders
Starting : Viktor Fasth
Backup : Chad Johnson
Extra Forwards
Normal : Scott Laughton, James Van Riemsdyk, Justin Abdelkader - PP : Brendan Gallagher, James Van Riemsdyk - PK : Justin Abdelkader
Extra Defensemen
Normal : Michal Rozsival, Ryan Murray, John Moore - PP : Dmitri Kalinin - PK : John Moore, Dmitri Kalinin
Penalty Shots
Alexander Ovechkin, Niclas Bergfors, Ryan Kesler, Andy Miele, Justin Abdelkader
Scratches
Barret Jackman (Healthy), Antti Raanta (Healthy)
Canadiens
5 vs 5 Forward
Center Left Wing Right Wing Time % Phy DF OF
1 Sidney Crosby Greg Stewart Steve Downie 40 0 1 4
2 Frans Nielsen Alexander Frolov Evgeny Dadonov 30 0 1 4
3 Dustin Boyd Brett Maclean Enver Lisin 20 0 2 3
4 Marcel Goc Brock Nelson David Jones 10 0 3 2
5 vs 5 Defense
Defense Defense Time % Phy DF OF
1 Luke Schenn Raphael Diaz 40 0 2 3
2 Vitaly Vishnevsky Mark Stuart 30 0 2 3
3 Adam Pardy Shaone Morrisonn 20 0 3 2
4 Luke Schenn Raphael Diaz 10 0 3 2
PowerPlay Forward
Center Left Wing Right Wing Time % Phy DF OF
1 Sidney Crosby Greg Stewart Steve Downie 60 0 0 5
2 Frans Nielsen Alexander Frolov Evgeny Dadonov 40 0 0 5
PowerPlay Defense
Defense Defense Time % Phy DF OF
1 Raphael Diaz Luke Schenn 60 0 1 4
2 Vitaly Vishnevsky Mark Stuart 40 0 1 4
Penalty Kill 4 Players Forward
Center Wing Time % Phy DF OF
1 Dustin Boyd Alexander Frolov 60 0 5 0
2 Frans Nielsen David Jones 40 0 5 0
Penalty Kill 4 Players Defense
Defense Defense Time % Phy DF OF
1 Shaone Morrisonn Luke Schenn 60 1 4 0
2 Adam Pardy Mark Stuart 40 1 4 0
Penalty Kill - 3 Players Forward
Forward Time % Phy DF OF
1 Dustin Boyd 60 0 5 0
2 Marcel Goc 40 0 5 0
Penalty Kill - 3 Players Defense
Defense Defense Time % Phy DF OF
1 Shaone Morrisonn Luke Schenn 60 0 5 0
2 Mark Stuart Adam Pardy 40 0 5 0
4 vs 4 Forward
Center Wing Time % Phy DF OF
1 Sidney Crosby Greg Stewart 60 0 2 3
2 Frans Nielsen Alexander Frolov 40 0 2 3
4 vs 4 Defense
Defense Defense Time % Phy DF OF
1 Vitaly Vishnevsky Mark Stuart 60 0 2 3
2 Luke Schenn Raphael Diaz 40 0 2 3
Last Minutes Offensive
Center Left Wing Right Wing Defense Defense
Sidney Crosby Greg Stewart Steve Downie Luke Schenn Raphael Diaz
Last Minutes Defensive
Center Left Wing Right Wing Defense Defense
Frans Nielsen Alexander Frolov David Jones Shaone Morrisonn Luke Schenn
Goaltenders
Starting : Allen York
Backup : Henrik Lundqvist
Extra Forwards
Normal : Sidney Crosby, Frans Nielsen, Greg Stewart - PP : Sidney Crosby, Frans Nielsen - PK : Alexander Frolov
Extra Defensemen
Normal : Luke Schenn, Raphael Diaz, Shaone Morrisonn - PP : Luke Schenn - PK : Mark Stuart, Luke Schenn
Penalty Shots
Sidney Crosby, Frans Nielsen, Greg Stewart, Alexander Frolov, Steve Downie
Scratches
Dustin Kohn (Healthy), Wes O'Neill (Healthy)
% Time on Ice - Predators
Lines # - Real PCT - Wanted PCT - Time Play
Normal Forward
1 - 39% - 40% - 17:19
2 - 28% - 30% - 12:20
3 - 20% - 20% - 8:45
4 - 13% - 10% - 5:56
Normal Defense
1 - 43% - 40% - 19:09
2 - 32% - 30% - 14:11
3 - 22% - 20% - 9:46
4 - 3% - 10% - 1:14
PP Forward
1 - 0% - 60% - 0:00
2 - 100% - 40% - 0:09
PP Defense
1 - 100% - 60% - 0:09
2 - 0% - 40% - 0:00
PK Forward
1 - 68% - 60% - 7:40
2 - 32% - 40% - 3:38
PK Defense
1 - 64% - 60% - 7:15
2 - 36% - 40% - 4:03
PK3 Forward
1 - 84% - 60% - 2:00
2 - 16% - 40% - 0:23
PK3 Defense
1 - 76% - 60% - 1:49
2 - 24% - 40% - 0:34
44 Forward
1 - 73% - 60% - 1:20
2 - 27% - 40% - 0:30
44 Defense
1 - 80% - 60% - 1:28
2 - 20% - 40% - 0:22
Last Minute Offensive - 0:00
Last Minute Defensive - 0:00
Total
Forward - 60:00
Defense - 60:00
|
% Time on Ice - Canadiens
Lines # - Real PCT - Wanted PCT - Time Play
Normal Forward
1 - 36% - 40% - 15:46
2 - 28% - 30% - 12:29
3 - 22% - 20% - 9:54
4 - 14% - 10% - 6:11
Normal Defense
1 - 38% - 40% - 16:52
2 - 35% - 30% - 15:44
3 - 24% - 20% - 10:50
4 - 2% - 10% - 0:54
PP Forward
1 - 54% - 60% - 7:27
2 - 46% - 40% - 6:14
PP Defense
1 - 59% - 60% - 8:04
2 - 41% - 40% - 5:37
PK Forward
1 - 100% - 60% - 0:09
2 - 0% - 40% - 0:00
PK Defense
1 - 0% - 60% - 0:00
2 - 100% - 40% - 0:09
PK3 Forward
1 - 0% - 60%
2 - 0% - 40%
PK3 Defense
1 - 0% - 60%
2 - 0% - 40%
44 Forward
1 - 100% - 60% - 1:50
2 - 0% - 40% - 0:00
44 Defense
1 - 66% - 60% - 1:13
2 - 34% - 40% - 0:37
Last Minute Offensive - 0:00
Last Minute Defensive - 0:00
Total
Forward - 60:00
Defense - 60:00
|
Play-by-Play
1st period
0:01 of 1st period - Mikael Granlund wins face-off versus Sidney Crosby in neutral zone.
0:11 of 1st period - Off-side.
0:12 of 1st period - Ryan Kesler wins face-off versus Frans Nielsen in neutral zone.
0:21 of 1st period - Slapshot by John Moore.
0:21 of 1st period - Stopped by Allen York with a rebound.
0:48 of 1st period - Slapshot by Enver Lisin.
0:48 of 1st period - Stopped by Viktor Fasth without a rebound.
0:49 of 1st period - Sidney Crosby wins face-off versus Mikael Granlund in Predators zone.
1:02 of 1st period - Snap shot by Niclas Bergfors.
1:02 of 1st period - Shot Misses the Net.
1:04 of 1st period - Slapshot by Dmitri Kalinin.
1:04 of 1st period - Shot Blocked by Raphael Diaz.
1:06 of 1st period - Slapshot by Dmitri Kalinin.
1:06 of 1st period - Stopped by Allen York without a rebound.
1:07 of 1st period - Marcel Goc wins face-off versus Scott Laughton in Canadiens zone.
1:26 of 1st period - Minor Penalty to Alexander Edler for Interference.
1:27 of 1st period - Sidney Crosby wins face-off versus Andy Miele in Predators zone.
1:27 of 1st period - Wrist shot by Greg Stewart.
1:27 of 1st period - Stopped by Viktor Fasth without a rebound.
1:28 of 1st period - Andy Miele wins face-off versus Sidney Crosby in Predators zone.
3:04 of 1st period - Snap shot by Sidney Crosby.
3:04 of 1st period - Stopped by Viktor Fasth with a rebound.
3:06 of 1st period - Slapshot by Luke Schenn.
3:06 of 1st period - Stopped by Viktor Fasth with a rebound.
3:08 of 1st period - Slapshot by Luke Schenn.
3:08 of 1st period - Shot Blocked by Dmitri Kalinin.
3:26 of 1st period - Penalty to Alexander Edler is over, Alexander Edler is back on ice.
3:26 of 1st period - Snap shot by Greg Stewart.
3:26 of 1st period - Shot Misses the Net.
4:02 of 1st period - Snap shot by Greg Stewart.
4:02 of 1st period - Shot Blocked by Byron Bitz.
4:20 of 1st period - Wrist shot by Sidney Crosby.
4:20 of 1st period - Shot Misses the Net.
4:22 of 1st period - Slapshot by Steve Downie.
4:22 of 1st period - Shot Misses the Net.
4:24 of 1st period - Slapshot by Luke Schenn.
4:24 of 1st period - Stopped by Viktor Fasth with a rebound.
4:34 of 1st period - Snap shot by Sidney Crosby.
4:34 of 1st period - Shot Blocked by Ryan Mcdonagh.
4:36 of 1st period - Slapshot by Sidney Crosby.
4:36 of 1st period - Stopped by Viktor Fasth without a rebound.
4:37 of 1st period - Ryan Kesler wins face-off versus Frans Nielsen in Predators zone.
5:11 of 1st period - Snap shot by Justin Abdelkader.
5:11 of 1st period - Shot Misses the Net.
5:13 of 1st period - Snap shot by John Moore.
5:13 of 1st period - Shot Misses the Net.
5:15 of 1st period - Slapshot by Ryan Murray.
5:15 of 1st period - Shot Blocked by Adam Pardy.
5:17 of 1st period - Snap shot by John Moore.
5:17 of 1st period - Deflect By Justin Abdelkader.
5:17 of 1st period - Stopped by Allen York without a rebound.
5:18 of 1st period - Evgeny Dadonov wins face-off versus Ryan Kesler in Canadiens zone.
5:18 of 1st period - Evgeny Dadonov is hit by Brendan Gallagher.
5:40 of 1st period - Minor Penalty to Brendan Gallagher for Hooking.
5:41 of 1st period - Frans Nielsen wins face-off versus Andy Miele in Predators zone.
6:18 of 1st period - Wrist shot by Alexander Ovechkin.
6:18 of 1st period - Stopped by Allen York without a rebound.
6:19 of 1st period - Frans Nielsen wins face-off versus Justin Abdelkader in Canadiens zone.
7:40 of 1st period - Penalty to Brendan Gallagher is over, Brendan Gallagher is back on ice.
7:41 of 1st period - Snap shot by Ryan Kesler.
7:41 of 1st period - Shot Misses the Net.
7:55 of 1st period - Slapshot by Niclas Bergfors.
7:55 of 1st period - Deflect By Mark Stuart.
7:55 of 1st period - Shot Misses the Net.
7:55 of 1st period - Puck is out of play.
7:56 of 1st period - Dustin Boyd wins face-off versus Mikael Granlund in Canadiens zone.
8:01 of 1st period - Wrist shot by Niclas Bergfors.
8:01 of 1st period - Shot Misses the Net.
8:03 of 1st period - Slapshot by John Moore.
8:03 of 1st period - Stopped by Allen York without a rebound.
8:04 of 1st period - David Jones wins face-off versus Ryan Kesler in Canadiens zone.
8:04 of 1st period - David Jones is hit by Alexander Steen.
8:12 of 1st period - Snap shot by Brendan Gallagher.
8:12 of 1st period - Shot Misses the Net.
8:14 of 1st period - Slapshot by Ryan Mcdonagh.
8:14 of 1st period - Shot Blocked by Shaone Morrisonn.
9:04 of 1st period - Snap shot by Alexander Ovechkin.
9:04 of 1st period - Stopped by Allen York with a rebound.
9:14 of 1st period - Wrist shot by David Jones.
9:14 of 1st period - Stopped by Viktor Fasth without a rebound.
9:15 of 1st period - Andy Miele wins face-off versus Sidney Crosby in Predators zone.
9:15 of 1st period - Andy Miele is hit by Raphael Diaz.
9:24 of 1st period - Off-side.
9:25 of 1st period - Andy Miele wins face-off versus Greg Stewart in neutral zone.
9:34 of 1st period - Slapshot by Andy Miele.
9:34 of 1st period - Stopped by Allen York with a rebound.
9:51 of 1st period - Off-side.
9:52 of 1st period - Ryan Kesler wins face-off versus Frans Nielsen in neutral zone.
10:24 of 1st period - Slapshot by Vitaly Vishnevsky.
10:24 of 1st period - Goal by Vitaly Vishnevsky - Predators : 0 - Canadiens : 1.
10:25 of 1st period - Sidney Crosby wins face-off versus Brendan Gallagher in neutral zone.
10:50 of 1st period - Frans Nielsen is hit by Niclas Bergfors and loses puck.
11:01 of 1st period - Snap shot by Evgeny Dadonov.
11:01 of 1st period - Shot Misses the Net.
11:15 of 1st period - Snap shot by Adam Burish.
11:15 of 1st period - Shot Misses the Net.
11:19 of 1st period - Wrist shot by Justin Abdelkader.
11:19 of 1st period - Stopped by Allen York with a rebound.
11:21 of 1st period - Slapshot by John Moore.
11:21 of 1st period - Stopped by Allen York with a rebound.
11:23 of 1st period - Slapshot by Ryan Murray.
11:23 of 1st period - Deflect By Mark Stuart.
11:23 of 1st period - Stopped by Allen York with a rebound.
11:35 of 1st period - Snap shot by Ryan Kesler.
11:35 of 1st period - Shot Hit the Post.
11:46 of 1st period - Slapshot by Ryan Murray.
11:46 of 1st period - Stopped by Allen York with a rebound.
12:30 of 1st period - Slapshot by Dustin Boyd.
12:30 of 1st period - Stopped by Viktor Fasth without a rebound.
12:31 of 1st period - Ryan Kesler wins face-off versus Sidney Crosby in Predators zone.
12:56 of 1st period - Raphael Diaz is hit by Mikael Granlund and loses puck.
13:31 of 1st period - Adam Burish is hit by Dustin Boyd and loses puck.
14:13 of 1st period - Alexander Edler is hit by Steve Downie and loses puck.
14:28 of 1st period - Mark Stuart is hit by Mikael Granlund and loses puck.
15:49 of 1st period - Snap shot by Niclas Bergfors.
15:49 of 1st period - Shot Misses the Net.
15:51 of 1st period - Snap shot by Niclas Bergfors.
15:51 of 1st period - Shot Blocked by Adam Pardy.
15:53 of 1st period - Slapshot by Michal Rozsival.
15:53 of 1st period - Stopped by Allen York with a rebound.
15:55 of 1st period - Slapshot by Niclas Bergfors.
15:55 of 1st period - Shot Misses the Net.
16:10 of 1st period - Minor Penalty to Brendan Gallagher for Tripping.
16:11 of 1st period - Steve Downie wins face-off versus Andy Miele in Predators zone.
16:13 of 1st period - Wrist shot by Greg Stewart.
16:13 of 1st period - Goal by Greg Stewart - Predators : 0 - Canadiens : 2.
16:14 of 1st period - Sidney Crosby wins face-off versus Mikael Granlund in neutral zone.
16:58 of 1st period - Luke Schenn is hit by Brendan Gallagher and loses puck.
17:15 of 1st period - Slapshot by Ryan Kesler.
17:15 of 1st period - Stopped by Allen York without a rebound.
17:16 of 1st period - Mikael Granlund wins face-off versus Sidney Crosby in Canadiens zone.
18:13 of 1st period - Wrist shot by Brock Nelson.
18:13 of 1st period - Shot Misses the Net.
18:15 of 1st period - Snap shot by David Jones.
18:15 of 1st period - Shot Blocked by John Moore.
18:17 of 1st period - Wrist shot by Marcel Goc.
18:17 of 1st period - Stopped by Viktor Fasth with a rebound.
18:19 of 1st period - Slapshot by Vitaly Vishnevsky.
18:19 of 1st period - Shot Blocked by John Moore.
18:33 of 1st period - Snap shot by Alexander Steen.
18:33 of 1st period - Shot Blocked by Adam Pardy.
19:41 of 1st period - Slapshot by Brendan Gallagher.
19:41 of 1st period - Deflect By Raphael Diaz.
19:41 of 1st period - Shot Misses the Net.
19:41 of 1st period - Puck is out of play.
19:42 of 1st period - Ryan Kesler wins face-off versus Sidney Crosby in Canadiens zone.
Goals for this period are 0 for Predators vs 2 for Canadiens.
Shots for this period are 13 for Predators vs 11 for Canadiens.
2nd period
0:01 of 2nd period - Mikael Granlund wins face-off versus Sidney Crosby in neutral zone.
0:04 of 2nd period - Slapshot by Alexander Edler.
0:04 of 2nd period - Stopped by Allen York without a rebound.
0:05 of 2nd period - Sidney Crosby wins face-off versus Niclas Bergfors in Canadiens zone.
0:20 of 2nd period - Snap shot by Alexander Ovechkin.
0:20 of 2nd period - Stopped by Allen York without a rebound.
0:21 of 2nd period - Frans Nielsen wins face-off versus Andy Miele in Canadiens zone.
0:48 of 2nd period - Alexander Ovechkin is hit by Sidney Crosby and loses puck.
1:11 of 2nd period - Snap shot by Dustin Boyd.
1:11 of 2nd period - Shot Blocked by Ryan Kesler.
1:13 of 2nd period - Snap shot by Vitaly Vishnevsky.
1:13 of 2nd period - Shot Blocked by John Moore.
1:15 of 2nd period - Slapshot by Enver Lisin.
1:15 of 2nd period - Stopped by Viktor Fasth without a rebound.
1:16 of 2nd period - Ryan Kesler wins face-off versus Dustin Boyd in Predators zone.
1:50 of 2nd period - Wrist shot by Greg Stewart.
1:50 of 2nd period - Stopped by Viktor Fasth without a rebound.
1:51 of 2nd period - Frans Nielsen wins face-off versus Andy Miele in Predators zone.
2:02 of 2nd period - Wrist shot by Andy Miele.
2:02 of 2nd period - Stopped by Allen York with a rebound.
2:04 of 2nd period - Slapshot by Alexander Edler.
2:04 of 2nd period - Stopped by Allen York with a rebound.
2:06 of 2nd period - Wrist shot by Andy Miele.
2:06 of 2nd period - Stopped by Allen York with a rebound.
2:18 of 2nd period - Raphael Diaz is hit by Ryan Mcdonagh and loses puck.
2:45 of 2nd period - Wrist shot by Brendan Gallagher.
2:45 of 2nd period - Shot Blocked by Enver Lisin.
2:47 of 2nd period - Snap shot by Ryan Kesler.
2:47 of 2nd period - Shot Blocked by Vitaly Vishnevsky.
3:03 of 2nd period - Slapshot by Vitaly Vishnevsky.
3:03 of 2nd period - Stopped by Viktor Fasth with a rebound.
3:05 of 2nd period - Slapshot by Brock Nelson.
3:05 of 2nd period - Shot Blocked by Adam Burish.
3:07 of 2nd period - Slapshot by Vitaly Vishnevsky.
3:07 of 2nd period - Deflect By Brock Nelson.
3:07 of 2nd period - Stopped by Viktor Fasth with a rebound.
3:47 of 2nd period - Wrist shot by Sidney Crosby.
3:47 of 2nd period - Stopped by Viktor Fasth with a rebound.
3:49 of 2nd period - Backhand shot by Adam Pardy.
3:49 of 2nd period - Deflect By Greg Stewart.
3:49 of 2nd period - Canadiens goal is going for a video replay.
3:49 of 2nd period - The goal is good.
3:49 of 2nd period - Goal by Greg Stewart - Predators : 0 - Canadiens : 3.
3:50 of 2nd period - Mikael Granlund wins face-off versus Sidney Crosby in neutral zone.
3:50 of 2nd period - Minor Penalty to Niclas Bergfors for High sticking.
3:51 of 2nd period - Andy Miele wins face-off versus Greg Stewart in Predators zone.
3:53 of 2nd period - Minor Penalty to Ryan Mcdonagh for Cross-checking.
3:54 of 2nd period - Sidney Crosby wins face-off versus Byron Bitz in Predators zone.
3:54 of 2nd period - Wrist shot by Greg Stewart.
3:54 of 2nd period - Shot Misses the Net.
3:56 of 2nd period - Snap shot by Sidney Crosby.
3:56 of 2nd period - Stopped by Viktor Fasth without a rebound.
3:57 of 2nd period - Sidney Crosby wins face-off versus Byron Bitz in Predators zone.
4:10 of 2nd period - Slapshot by Steve Downie.
4:10 of 2nd period - Shot Misses the Net.
4:12 of 2nd period - Slapshot by Luke Schenn.
4:12 of 2nd period - Shot Misses the Net.
5:50 of 2nd period - Penalty to Niclas Bergfors is over, Niclas Bergfors is back on ice.
5:53 of 2nd period - Penalty to Ryan Mcdonagh is over, Ryan Mcdonagh is back on ice.
6:02 of 2nd period - Snap shot by Enver Lisin.
6:02 of 2nd period - Goal by Enver Lisin - Predators : 0 - Canadiens : 4.
6:02 of 2nd period - Chad Johnson enters game.
6:03 of 2nd period - Frans Nielsen wins face-off versus Mikael Granlund in neutral zone.
6:34 of 2nd period - Wrist shot by Sidney Crosby.
6:34 of 2nd period - Shot Misses the Net.
6:36 of 2nd period - Slapshot by Luke Schenn.
6:36 of 2nd period - Stopped by Chad Johnson without a rebound.
6:37 of 2nd period - Sidney Crosby wins face-off versus Ryan Kesler in Predators zone.
6:38 of 2nd period - Snap shot by Greg Stewart.
6:38 of 2nd period - Deflect By Sidney Crosby.
6:38 of 2nd period - Shot Misses the Net.
6:38 of 2nd period - Puck is out of play.
6:39 of 2nd period - Greg Stewart wins face-off versus Mikael Granlund in Predators zone.
7:29 of 2nd period - Vitaly Vishnevsky is hit by John Moore and loses puck.
7:32 of 2nd period - Slapshot by Mark Stuart.
7:32 of 2nd period - Deflect By Enver Lisin.
7:32 of 2nd period - Stopped by Chad Johnson with a rebound.
7:38 of 2nd period - Wrist shot by Dustin Boyd.
7:38 of 2nd period - Stopped by Chad Johnson with a rebound.
7:40 of 2nd period - Wrist shot by Brett Maclean.
7:40 of 2nd period - Deflect By Dustin Boyd.
7:40 of 2nd period - Shot Misses the Net.
7:40 of 2nd period - Puck is out of play.
7:41 of 2nd period - Sidney Crosby wins face-off versus Mikael Granlund in Predators zone.
8:09 of 2nd period - Minor Penalty to Dmitri Kalinin for Interference.
8:10 of 2nd period - Andy Miele wins face-off versus Sidney Crosby in Predators zone.
8:10 of 2nd period - Andy Miele is hit by Steve Downie.
8:18 of 2nd period - Minor Penalty to Sidney Crosby for Unsportsmanlike conduct.
8:19 of 2nd period - Frans Nielsen wins face-off versus Ryan Kesler in Canadiens zone.
8:19 of 2nd period - Frans Nielsen is hit by Ryan Mcdonagh.
9:12 of 2nd period - Snap shot by Alexander Ovechkin.
9:12 of 2nd period - Stopped by Allen York without a rebound.
9:13 of 2nd period - Frans Nielsen wins face-off versus Ryan Kesler in Canadiens zone.
9:20 of 2nd period - Snap shot by Greg Stewart.
9:20 of 2nd period - Shot Misses the Net.
9:22 of 2nd period - Slapshot by Frans Nielsen.
9:22 of 2nd period - Deflect By Ryan Mcdonagh.
9:22 of 2nd period - Stopped by Chad Johnson without a rebound.
9:23 of 2nd period - Greg Stewart wins face-off versus Niclas Bergfors in Predators zone.
9:31 of 2nd period - Icing by Alexander Edler.
9:32 of 2nd period - Ryan Kesler wins face-off versus Frans Nielsen in Predators zone.
10:09 of 2nd period - Penalty to Dmitri Kalinin is over, Dmitri Kalinin is back on ice.
10:18 of 2nd period - Penalty to Sidney Crosby is over, Sidney Crosby is back on ice.
10:18 of 2nd period - Snap shot by Ryan Mcdonagh.
10:18 of 2nd period - Goal by Ryan Mcdonagh - Predators : 1 - Canadiens : 4.
10:19 of 2nd period - Frans Nielsen wins face-off versus Mikael Granlund in neutral zone.
10:36 of 2nd period - Snap shot by Evgeny Dadonov.
10:36 of 2nd period - Stopped by Chad Johnson with a rebound.
11:29 of 2nd period - Scott Laughton is hit by Marcel Goc and loses puck.
11:55 of 2nd period - Snap shot by Justin Abdelkader.
11:55 of 2nd period - Shot Misses the Net.
11:57 of 2nd period - Slapshot by Ryan Murray.
11:57 of 2nd period - Shot Blocked by Luke Schenn.
12:23 of 2nd period - Wrist shot by Adam Burish.
12:23 of 2nd period - Shot Blocked by Brock Nelson.
12:25 of 2nd period - Slapshot by John Moore.
12:25 of 2nd period - Shot Misses the Net.
12:27 of 2nd period - Backhand shot by Justin Abdelkader.
12:27 of 2nd period - Shot Misses the Net.
12:29 of 2nd period - Wrist shot by Justin Abdelkader.
12:29 of 2nd period - Stopped by Allen York without a rebound.
12:30 of 2nd period - Sidney Crosby wins face-off versus Mikael Granlund in Canadiens zone.
13:45 of 2nd period - Off-side.
13:46 of 2nd period - Mikael Granlund wins face-off versus Sidney Crosby in neutral zone.
13:48 of 2nd period - Minor Penalty to Niclas Bergfors for Goalie Interference.
13:49 of 2nd period - Sidney Crosby wins face-off versus Andy Miele in Predators zone.
15:48 of 2nd period - Penalty to Niclas Bergfors is over, Niclas Bergfors is back on ice.
16:01 of 2nd period - Snap shot by Brendan Gallagher.
16:01 of 2nd period - Deflect By Mark Stuart.
16:01 of 2nd period - Stopped by Allen York with a rebound.
16:57 of 2nd period - Byron Bitz is hit by Frans Nielsen and loses puck.
17:08 of 2nd period - Andy Miele is hit by Evgeny Dadonov and loses puck.
17:23 of 2nd period - David Jones is hit by Alexander Ovechkin.
17:57 of 2nd period - Enver Lisin is hit by Alexander Edler and loses puck.
18:30 of 2nd period - Ryan Murray is hit by Alexander Frolov and loses puck.
18:50 of 2nd period - Ryan Murray is hit by David Jones.
18:54 of 2nd period - Luke Schenn is hit by Alexander Edler.
19:06 of 2nd period - Raphael Diaz is hit by Scott Laughton and loses puck.
19:24 of 2nd period - Ryan Mcdonagh is hit by Dustin Boyd and loses puck.
19:58 of 2nd period - Andy Miele is hit by Mark Stuart and loses puck.
Goals for this period are 1 for Predators vs 2 for Canadiens.
Shots for this period are 9 for Predators vs 13 for Canadiens.
3rd period
0:01 of 3rd period - Mikael Granlund wins face-off versus Sidney Crosby in neutral zone.
0:10 of 3rd period - Snap shot by Niclas Bergfors.
0:10 of 3rd period - Shot Blocked by Greg Stewart.
0:16 of 3rd period - Snap shot by Niclas Bergfors.
0:16 of 3rd period - Stopped by Allen York without a rebound.
0:17 of 3rd period - Frans Nielsen wins face-off versus Ryan Kesler in Canadiens zone.
0:26 of 3rd period - Frans Nielsen is hit by Ryan Mcdonagh and loses puck.
1:15 of 3rd period - Wrist shot by James Van Riemsdyk.
1:15 of 3rd period - Deflect By Vitaly Vishnevsky.
1:15 of 3rd period - Shot Hit the Post.
1:15 of 3rd period - Puck is out of play.
1:16 of 3rd period - Brendan Gallagher wins face-off versus Sidney Crosby in Canadiens zone.
1:17 of 3rd period - Snap shot by Ryan Kesler.
1:17 of 3rd period - Shot Misses the Net.
2:14 of 3rd period - Snap shot by Dustin Boyd.
2:14 of 3rd period - Goal by Dustin Boyd - Predators : 1 - Canadiens : 5.
2:15 of 3rd period - Sidney Crosby wins face-off versus Mikael Granlund in neutral zone.
2:22 of 3rd period - Snap shot by Steve Downie.
2:22 of 3rd period - Shot Blocked by Alexander Ovechkin.
2:24 of 3rd period - Backhand shot by Raphael Diaz.
2:24 of 3rd period - Stopped by Chad Johnson with a rebound.
2:26 of 3rd period - Slapshot by Sidney Crosby.
2:26 of 3rd period - Stopped by Chad Johnson without a rebound.
2:27 of 3rd period - Sidney Crosby wins face-off versus Alexander Ovechkin in Predators zone.
3:05 of 3rd period - Slapshot by James Van Riemsdyk.
3:05 of 3rd period - Shot Misses the Net.
3:23 of 3rd period - Wrist shot by Sidney Crosby.
3:23 of 3rd period - Stopped by Chad Johnson without a rebound.
3:24 of 3rd period - Mikael Granlund wins face-off versus Frans Nielsen in Predators zone.
3:34 of 3rd period - Alexander Ovechkin beats up Vitaly Vishnevsky.
3:34 of 3rd period - Penalty to Vitaly Vishnevsky for Fighting.
3:34 of 3rd period - Penalty to Alexander Ovechkin for Fighting.
3:35 of 3rd period - Frans Nielsen wins face-off versus Mikael Granlund in Predators zone.
3:48 of 3rd period - Slapshot by Alexander Edler.
3:48 of 3rd period - Deflect By Niclas Bergfors.
3:48 of 3rd period - Shot Misses the Net.
3:48 of 3rd period - Puck is out of play.
3:49 of 3rd period - Mikael Granlund wins face-off versus Sidney Crosby in Canadiens zone.
4:40 of 3rd period - Wrist shot by Mikael Granlund.
4:40 of 3rd period - Shot Misses the Net.
4:42 of 3rd period - Snap shot by Niclas Bergfors.
4:42 of 3rd period - Shot Blocked by Dustin Boyd.
4:44 of 3rd period - Slapshot by Alexander Edler.
4:44 of 3rd period - Shot Misses the Net.
4:46 of 3rd period - Wrist shot by Alexander Edler.
4:46 of 3rd period - Shot Hit the Post.
4:48 of 3rd period - Snap shot by Alexander Edler.
4:48 of 3rd period - Shot Blocked by Dustin Boyd.
4:50 of 3rd period - Slapshot by Alexander Edler.
4:50 of 3rd period - Stopped by Allen York without a rebound.
4:51 of 3rd period - Ryan Kesler wins face-off versus Sidney Crosby in Canadiens zone.
4:54 of 3rd period - Snap shot by Ryan Kesler.
4:54 of 3rd period - Shot Misses the Net.
5:02 of 3rd period - Snap shot by Alexander Steen.
5:02 of 3rd period - Stopped by Allen York without a rebound.
5:03 of 3rd period - Ryan Kesler wins face-off versus Sidney Crosby in Canadiens zone.
5:20 of 3rd period - Brendan Gallagher is hit by Sidney Crosby and loses puck.
6:33 of 3rd period - Wrist shot by Greg Stewart.
6:33 of 3rd period - Goal by Greg Stewart - Predators : 1 - Canadiens : 6.
6:34 of 3rd period - Sidney Crosby wins face-off versus Mikael Granlund in neutral zone.
7:06 of 3rd period - Snap shot by Mikael Granlund.
7:06 of 3rd period - Stopped by Allen York without a rebound.
7:07 of 3rd period - Alexander Steen wins face-off versus Frans Nielsen in Canadiens zone.
7:24 of 3rd period - Ryan Kesler is hit by Luke Schenn and loses puck.
7:34 of 3rd period - Off-side.
7:35 of 3rd period - Mikael Granlund wins face-off versus Marcel Goc in neutral zone.
7:38 of 3rd period - Slapshot by Ryan Mcdonagh.
7:38 of 3rd period - Stopped by Allen York with a rebound.
7:56 of 3rd period - Minor Penalty to Alexander Edler for Holding.
7:57 of 3rd period - Sidney Crosby wins face-off versus Andy Miele in Predators zone.
8:34 of 3rd period - Penalty to Alexander Ovechkin is over, Alexander Ovechkin is back on ice.
9:28 of 3rd period - Minor Penalty to Dmitri Kalinin for Roughing.
9:29 of 3rd period - Byron Bitz wins face-off versus Frans Nielsen in Predators zone.
9:29 of 3rd period - Byron Bitz is hit by Frans Nielsen.
9:56 of 3rd period - Penalty to Alexander Edler is over, Alexander Edler is back on ice.
10:38 of 3rd period - Steve Downie is hit by Ryan Kesler and loses puck.
10:47 of 3rd period - Ryan Kesler is hit by Greg Stewart and loses puck.
11:12 of 3rd period - Slapshot by Alexander Edler.
11:12 of 3rd period - Deflect By Justin Abdelkader.
11:12 of 3rd period - Shot Misses the Net.
11:12 of 3rd period - Puck is out of play.
11:13 of 3rd period - Frans Nielsen wins face-off versus Justin Abdelkader in Canadiens zone.
11:28 of 3rd period - Penalty to Dmitri Kalinin is over, Dmitri Kalinin is back on ice.
11:32 of 3rd period - Ryan Murray is hit by Steve Downie and loses puck.
11:55 of 3rd period - Slapshot by Alexander Edler.
11:55 of 3rd period - Shot Misses the Net.
12:14 of 3rd period - Minor Penalty to Dmitri Kalinin for Cross-checking.
12:15 of 3rd period - Sidney Crosby wins face-off versus Andy Miele in Predators zone.
12:46 of 3rd period - Ryan Kesler is hit by Evgeny Dadonov and loses puck.
12:51 of 3rd period - Wrist shot by Evgeny Dadonov.
12:51 of 3rd period - Shot Misses the Net.
12:53 of 3rd period - Snap shot by Frans Nielsen.
12:53 of 3rd period - Stopped by Chad Johnson without a rebound.
12:54 of 3rd period - Sidney Crosby wins face-off versus Andy Miele in Predators zone.
14:14 of 3rd period - Penalty to Dmitri Kalinin is over, Dmitri Kalinin is back on ice.
14:49 of 3rd period - David Jones is hit by Brendan Gallagher and loses puck.
16:28 of 3rd period - Wrist shot by Adam Burish.
16:28 of 3rd period - Stopped by Allen York without a rebound.
16:29 of 3rd period - Sidney Crosby wins face-off versus Andy Miele in Canadiens zone.
16:29 of 3rd period - Sidney Crosby is hit by Andy Miele.
17:01 of 3rd period - Snap shot by Alexander Frolov.
17:01 of 3rd period - Stopped by Chad Johnson without a rebound.
17:02 of 3rd period - Mikael Granlund wins face-off versus Frans Nielsen in Predators zone.
18:11 of 3rd period - Justin Abdelkader is hit by Greg Stewart and loses puck.
18:22 of 3rd period - Slapshot by Greg Stewart.
18:22 of 3rd period - Deflect By Steve Downie.
18:22 of 3rd period - Shot Misses the Net.
18:22 of 3rd period - Puck is out of play.
18:23 of 3rd period - Mikael Granlund wins face-off versus Dustin Boyd in Predators zone.
18:23 of 3rd period - Mikael Granlund is hit by Mark Stuart.
18:49 of 3rd period - Alexander Steen is hit by Vitaly Vishnevsky and loses puck.
Goals for this period are 0 for Predators vs 2 for Canadiens.
Shots for this period are 6 for Predators vs 7 for Canadiens.
Back to the Top